[Event "Team 45 45 League T59"]
[Site "Internet Chess Club"]
[Date "2013.12.15"]
[Round "4"]
[White "chess09"]
[Black "CHENENE"]
[Result "0-1"]
[WhiteElo "1953"]
[BlackElo "1692"]
[Opening "QGD Slav: Dutch variation"]
[ECO "D18"]
[Time "12:13:34"]
[TimeControl "2700+45"]

1. d4 d5 2. c4 c6 3. Nf3 Nf6 4. Nc3 dxc4 5. a4 Bf5 6. e3 e6 7. Bxc4 Bb4 8. O-O
Nbd7 9. Qe2 O-O 10. e4 Bg4 11. Bg5 Qa5 12. Qe3 Bxc3 13. bxc3 Nxe4 14. Be7 Bxf3
15. Bxf8 Rxf8 16. gxf3 Nxc3 17. Rfc1 Nd5 18. Bxd5 Qxd5 19. Qe4 Qh5 20. Rab1 Rb8
21. Qf4 Kf8 22. Qc7 Ke7 23. Rxc6 Qg6+ 24. Kh1 Qxb1+ 25. Rc1 Qb2 26. d5 Qxf2 27.
d6+ Kf6 28. Qc3+ Ne5 29. Re1 Qxf3+ 30. Qxf3+ Nxf3 31. Rf1 e5 32. Rxf3+ Ke6 33.
Rd3 Rd8 34. Rb3 Rd7 35. Kg2 Kxd6 36. Kf3 f5 37. Ke3 b6 38. Rb2 g5 39. Rf2 Ke6
40. Rc2 f4+ 41. Kf3 Kf5 42. Rc8 Rd3+ 43. Ke2 Re3+ 44. Kf2 Ra3 45. Rf8+ Kg4 46.
Rf7 Ra2+ 47. Kg1 Rxa4 48. Rxh7 e4 49. Re7 e3 50. Kg2 f3+ 51. Kg1 Ra1# {White
checkmated} 0-1

[Event "Team 45 45 League T59"]
[Site "Internet Chess Club"]
[Date "2013.12.15"]
[Round "4"]
[White "jjmolina"]
[Black "CaoCao"]
[Result "1/2-1/2"]
[WhiteElo "1814"]
[BlackElo "1867"]
[Opening "Two knights defense (Modern bishop's opening)"]
[ECO "C55"]
[Time "01:17:12"]
[TimeControl "2700+45"]

1. e4 e5 2. Nf3 Nc6 3. Bc4 Nf6 4. d3 Be7 5. O-O O-O 6. Nc3 d6 7. h3 Na5 8. Bb3
Nxb3 9. axb3 a6 10. d4 exd4 11. Nxd4 Re8 12. Re1 Bd7 13. Qd3 h6 14. Bf4 Bf8 15.
Rad1 g5 16. Bh2 Bg7 17. e5 dxe5 18. Bxe5 Nh5 19. Bxg7 Nxg7 20. Rxe8+ Nxe8 21.
Nc6 bxc6 22. Qxd7 Qxd7 23. Rxd7 Rc8 24. Kf1 Nf6 25. Rd4 c5 26. Ra4 Rd8 27. Rxa6
Nh5 28. Rxh6 Nf4 29. Rc6 Rd2 30. Rxc5 Ne6 31. Rc4 Rxc2 32. Na4 Rd2 33. Ke1 Rd5
34. Nc3 Ra5 35. Ra4 Re5+ 36. Re4 Ra5 37. Na4 Rb5 38. b4 Kg7 39. Nc3 Rb8 40. b5
Rd8 41. Re5 Rd4 42. Rd5 Rb4 43. Rd2 Kg6 44. Kd1 Nf4 45. f3 Ne6 46. Kc2 Nd4+ 47.
Kd3 Nxb5 48. Nxb5 Rxb5 49. Kc4 Rb6 50. Kc5 Kf5 51. b4 Kf4 52. Rd7 Kg3 53. Rxc7
Rf6 54. b5 Kxg2 55. b6 Rxf3 56. b7 Rb3 57. Rxf7 Kxh3 58. Kc4 Rb1 59. Rh7+ Kg3
{Game drawn by mutual agreement} 1/2-1/2

[Event "Team 45 45 League T59"]
[Site "Internet Chess Club"]
[Date "2013.12.16"]
[Round "4"]
[White "zigzag2002"]
[Black "Baseta"]
[Result "1-0"]
[WhiteElo "2058"]
[BlackElo "1816"]
[Opening "French: Rubinstein variation"]
[ECO "C03"]
[Time "11:01:04"]
[TimeControl "2700+45"]

1. e4 e6 2. d4 d5 3. Nd2 dxe4 4. Nxe4 Nd7 5. Nf3 Be7 6. Bd3 Ngf6 7. Ng3 c5 8. c3
O-O 9. O-O cxd4 10. cxd4 b6 11. Qe2 Bb7 12. Ne5 Re8 13. Re1 Nf8 14. Be3 Qd5 15.
f3 Ng6 16. Bc4 Qd6 17. Bf2 Bd5 18. Bb5 Rec8 19. Ba6 Re8 20. Rac1 Bxa2 21. Rc6
Qb4 22. Bc4 Bxc4 23. Rxc4 Qd6 24. Rc6 Qd5 25. Rec1 Bd6 26. Nd3 Bc5 27. dxc5 Qxc6
28. cxb6 Qb5 29. bxa7 Nd5 30. Ne4 Ne5 31. Nd6 Qxd3 32. Qxe5 Red8 33. Bd4 Nf6 34.
b4 h6 35. b5 Rxa7 36. Bxa7 Rxd6 37. b6 Qa3 38. Qa1 Qe3+ 39. Kh1 Rxb6 40. Bxb6
Qxb6 41. Qc3 Qd8 42. Qc6 Nh5 43. Qb7 Qf6 44. Qe4 g6 45. Rb1 Nf4 46. Rd1 Nd5 47.
Re1 Kg7 48. Qe5 Qxe5 49. Rxe5 Kf6 50. Re1 h5 51. Kg1 Nf4 52. g3 Nd5 53. Kf2 Kf5
54. Ra1 g5 55. Ra7 Kg6 56. Ke2 g4 57. f4 Nf6 58. Ke3 Kg7 59. Kd4 Kg6 60. Ke5 Nd5
61. f5+ Kg5 62. Rxf7 exf5 63. Kxd5 {Black resigns} 1-0

[Event "Team 45 45 League T59"]
[Site "Internet Chess Club"]
[Date "2013.12.15"]
[Round "4"]
[White "Froggy"]
[Black "Jack-ONeill"]
[Result "0-1"]
[WhiteElo "2023"]
[BlackElo "2087"]
[Opening "Sicilian defense"]
[ECO "B30"]
[Time "03:06:23"]
[TimeControl "2700+45"]

1. e4 c5 2. Nf3 Nc6 3. c3 Nf6 4. e5 Nd5 5. d4 cxd4 6. cxd4 d6 7. Bc4 Nb6 8. Bb5
dxe5 9. Nxe5 Bd7 10. Nxd7 Qxd7 11. Nc3 Rd8 12. O-O e6 13. Be3 Be7 14. Qf3 a6 15.
Bxc6 Qxc6 16. Qxc6+ bxc6 17. Rac1 Kd7 18. Ne4 Ra8 19. Bg5 f6 20. Bd2 a5 21. Rfe1
Nd5 22. a3 a4 23. Rc2 Rhc8 24. Bc1 Bd6 25. g3 Ra6 26. Rc4 Nb6 27. Rc2 Nd5 28.
Bd2 Raa8 29. Kf1 Rab8 30. Bc1 Ra8 31. Rce2 Re8 32. Nxd6 Kxd6 33. Re4 h5 34. h4
f5 35. R4e2 Rab8 36. Rc2 Rb3 37. Rc4 Ra8 38. Re2 Ra5 39. Rec2 Ra6 40. Ke2 g6 41.
Bh6 Kd7 42. Kd1 Rd3+ 43. Ke2 Rb3 44. Kd1 Rd3+ 45. Kc1 Rb3 46. Bg7 Rf3 47. Be5
Rb3 48. Rc5 Rf3 49. Kd1 Rb3 50. R5c4 Rd3+ 51. Rd2 Rb3 52. Kc2 Rf3 53. Kb1 Rb3
54. Ka2 Rf3 55. Rdc2 Rd3 56. Re2 Rf3 57. Rc1 Ra8 58. Rce1 Re8 59. Kb1 Rb3 60.
Rc2 Ra8 61. Kc1 Rf3 62. Kd1 Rd3+ 63. Ke2 Rb3 64. Rd1 Ra6 65. Rd3 Rb5 66. Kd1
Rab6 67. Kc1 Ra6 68. f3 Rab6 69. g4 Rb3 70. Rxb3 Rxb3 71. gxh5 gxh5 72. Rc4 Nb6
73. Rc5 Rxf3 74. Ra5 Rf1+ 75. Kc2 Rf2+ 76. Kc1 f4 77. Ra7+ Ke8 78. Ra6 Nd5 79.
Rxc6 Kd7 80. Rd6+ Ke7 81. Ra6 f3 82. Ra7+ Kd8 83. Ra8+ Ke7 84. Ra7+ Ke8 85. Rg7
Re2 86. Bg3 Rg2 87. Rg5 Ne3 88. Be1 Rxg5 89. hxg5 Ng4 90. b3 axb3 91. a4 f2 92.
Bxf2 Nxf2 93. a5 Nd3+ 94. Kd2 Nb4 95. Ke3 b2 {White resigns} 0-1

[Event "Team 45 45 League T59"]
[Site "Internet Chess Club"]
[Date "2013.12.15"]
[Round "4"]
[White "Ptzz"]
[Black "Goli"]
[Result "1/2-1/2"]
[WhiteElo "2089"]
[BlackElo "1859"]
[Opening "King's Indian: 6.Be2"]
[ECO "E91"]
[Time "14:01:07"]
[TimeControl "2700+45"]

1. e4 g6 2. d4 Bg7 3. c4 d6 4. Nf3 Nf6 5. Nc3 O-O 6. Be2 Bg4 7. Be3 Nc6 8. O-O
Bxf3 9. Bxf3 e5 10. d5 Ne7 11. b4 Nd7 12. Be2 f5 13. f3 f4 14. Bf2 g5 15. c5 Ng6
16. cxd6 cxd6 17. Nb5 Nf6 18. Rc1 Rf7 19. Qc2 Ne8 20. Nxa7 h5 21. Nb5 Bf8 22. a4
Rg7 23. a5 Nh4 24. Na3 g4 25. Kh1 g3 26. Bb6 Qg5 27. h3 Nf6 28. Nb5 Qg6 29. Qd3
Nh7 30. Rc7 Ng5 31. Rxg7+ Bxg7 32. Rc1 Nxh3 33. Bf1 Nf2+ 34. Bxf2 gxf2 35. Qe2
Qg3 36. Rc2 Nxg2 37. Qxf2 Ne3 38. Qxg3 fxg3 39. Rc1 h4 40. Bh3 Bf8 41. Rc7 b6
42. Ra7 Rxa7 43. Nxa7 bxa5 44. bxa5 Nc4 45. a6 Nb6 46. Nc8 Na8 47. Bd7 Bh6 48.
Kg2 Be3 49. Bc6 Nc7 50. a7 Bc5 51. a8=Q Nxa8 52. Bxa8 Kf7 53. Bc6 Kf8 54. Bd7
Kf7 55. Bb5 Kf8 56. Kh3 Kf7 57. Bf1 Ke8 58. Kxh4 Kd8 59. Nxd6 Bxd6 60. Kg5 Ke7
61. Kf5 Bc7 62. Bg2 Bd6 63. f4 exf4 64. e5 Bc5 65. Kxf4 Bb4 66. Kxg3 Bc3 67. Kf4
Bb2 68. d6+ Ke6 69. Bh3+ Kd5 70. Bg2+ Ke6 71. Bh3+ Kd5 72. Kf5 Bxe5 73. d7 Bc7
74. d8=Q+ Bxd8 {Game drawn because neither player has mating material} 1/2-1/2

[Event "Team 45 45 League T59"]
[Site "Internet Chess Club"]
[Date "2013.12.20"]
[Round "4"]
[White "Inquisiteur"]
[Black "Holgate"]
[Result "0-1"]
[WhiteElo "1650"]
[BlackElo "1974"]
[Opening "Sicilian: Canal-Sokolsky attack, 3...Bd7"]
[ECO "B52"]
[Time "11:04:46"]
[TimeControl "2700+45"]

1. e4 c5 2. Nf3 d6 3. Bb5+ Bd7 4. Bxd7+ Qxd7 5. d4 cxd4 6. Nxd4 Nf6 7. Nc3 g6 8.
O-O Bg7 9. Be3 O-O 10. h3 Nc6 11. Qd2 Rfd8 12. f4 Nxd4 13. Bxd4 e5 14. Be3 Qc6
15. Qd3 d5 16. fxe5 Nxe4 17. Bd4 Rd7 18. a4 Re8 19. Rad1 Nxc3 20. bxc3 Bxe5 21.
a5 Bxd4+ 22. Qxd4 a6 23. Rf6 Re6 24. Rdf1 Rxf6 25. Rxf6 Qc4 26. Qe3 Qe4 27. Qc5
Qe1+ {White resigns} 0-1

[Event "Team 45 45 League T59"]
[Site "Internet Chess Club"]
[Date "2013.12.14"]
[Round "4"]
[White "Holzschlange"]
[Black "FourKnights"]
[Result "1/2-1/2"]
[WhiteElo "1792"]
[BlackElo "1802"]
[Opening "Sicilian: Najdorf, Lipnitzky attack"]
[ECO "B86"]
[Time "14:05:15"]
[TimeControl "2700+45"]

1. e4 c5 2. Nf3 d6 3. d4 cxd4 4. Nxd4 Nf6 5. Nc3 a6 6. Bc4 e6 7. Bb3 Be7 8. g4
Nc6 9. g5 Nd7 10. Bxe6 Nxd4 11. Bxd7+ Bxd7 12. Qxd4 O-O 13. Rg1 Bc6 14. Be3 Qa5
15. O-O-O b5 16. Kb1 Qc7 17. h4 Rfd8 18. h5 Bf8 19. Nd5 Bxd5 20. Qxd5 Rac8 21.
Rd2 Qc4 22. Rgd1 Re8 23. f3 Re5 24. Qxc4 Rxc4 25. Bf4 Rec5 26. b3 Rc3 27. Bxd6
Rxg5 28. f4 Rxh5 29. Bxf8 Kxf8 30. Rd8+ Ke7 31. R8d7+ Ke8 32. Rd8+ Ke7 33. R1d7+
Ke6 34. Rd6+ Ke7 35. R8d7+ Ke8 36. Rb7 Rh6 37. Rdd7 Rf6 38. e5 Rxf4 39. e6 fxe6
40. Rxg7 Kf8 41. Rxh7 Kg8 42. Rbg7+ Kf8 43. Ra7 Kg8 44. Rhe7 Rc6 {Game drawn by
mutual agreement} 1/2-1/2

[Event "Team 45 45 League T59"]
[Site "Internet Chess Club"]
[Date "2013.12.13"]
[Round "4"]
[White "MBAStudent"]
[Black "Portola"]
[Result "0-1"]
[WhiteElo "1684"]
[BlackElo "1806"]
[Opening "French: Tarrasch"]
[ECO "C03"]
[Time "19:38:09"]
[TimeControl "2700+45"]

1. e4 e6 2. d4 d5 3. Nd2 dxe4 4. Nxe4 Be7 5. Nf3 Nd7 6. Bd3 Ngf6 7. O-O O-O 8.
Qe2 b6 9. Ne5 Bb7 10. Ng5 Nxe5 11. dxe5 Qd5 12. f4 Bc5+ 13. Kh1 h6 14. exf6 hxg5
15. Rd1 Qc6 16. Re1 Rad8 17. fxg7 Kxg7 18. fxg5 Rh8 19. Bf4 Rh4 20. Qe5+ Kg8 21.
Be4 Bd6 22. Qf6 Qd7 23. Bxd6 Qxd6 24. Qxd8+ Qxd8 25. Bxb7 Qxg5 26. Rad1 c5 27.
Bf3 Kg7 28. Re2 Kf6 29. b3 Qf4 30. Kg1 Qxh2+ 31. Kf2 Rd4 32. Rde1 Qh4+ 33. Kg1
Qh6 34. Be4 Kg7 35. Bd3 Rh4 36. a4 Rh1+ 37. Kf2 Qf4# {White checkmated} 0-1

[Event "Team 45 45 League T59"]
[Site "Internet Chess Club"]
[Date "2013.12.15"]
[Round "4"]
[White "evan7284"]
[Black "toukon"]
[Result "0-1"]
[WhiteElo "1667"]
[BlackElo "1731"]
[Opening "Torre attack (Tartakower variation)"]
[ECO "D03"]
[Time "05:01:49"]
[TimeControl "2700+45"]

1. d4 d5 2. Nf3 Nf6 3. Bg5 Ne4 4. Bf4 c5 5. e3 Qb6 6. Qc1 cxd4 7. exd4 Nc6 8. c3
Bf5 9. Nbd2 Nxd2 10. Qxd2 e6 11. Nh4 Be4 12. f3 Bg6 13. Nxg6 hxg6 14. Bd3 Be7
15. O-O O-O 16. Kh1 Qd8 17. Rae1 Bd6 18. Bxd6 Qxd6 19. Qg5 Rab8 20. f4 Ne7 21.
g4 b5 22. Re3 f6 23. Qh4 Kf7 24. f5 exf5 25. gxf5 Rh8 26. fxg6+ Nxg6 27. Bxg6+
Kxg6 28. Qg4+ Kf7 29. h3 Rbe8 30. Rfe1 Rxe3 31. Rxe3 a5 32. Rg3 g5 33. Qf3 Qe6
34. Kg2 Qe4 35. b3 Qxf3+ 36. Rxf3 Rh4 37. Kf2 Re4 38. Rd3 f5 39. Kf3 Rh4 40. Kg3
Kf6 41. Rf3 Re4 42. Kf2 Kg6 43. Rg3 Kh5 44. Rf3 f4 45. Rd3 Kh4 46. Rf3 Re3 47.
Rxe3 fxe3+ 48. Kxe3 Kxh3 49. c4 g4 50. c5 g3 51. c6 g2 52. Kf2 Kh2 {White
resigns} 0-1

[Event "Team 45 45 League T59"]
[Site "Internet Chess Club"]
[Date "2013.12.13"]
[Round "4"]
[White "John3v16"]
[Black "rubo"]
[Result "1/2-1/2"]
[WhiteElo "1666"]
[BlackElo "1642"]
[Opening "Caro-Kann: anti-anti-Caro-Kann defense"]
[ECO "B10"]
[Time "23:01:09"]
[TimeControl "2700+45"]

1. e4 c6 2. c4 d5 3. exd5 cxd5 4. cxd5 Nf6 5. Nc3 Nxd5 6. Nf3 Nc6 7. d4 e6 8.
Bc4 Bb4 9. Bd2 Nb6 10. Bb5 Bd7 11. a3 Be7 12. O-O O-O 13. Re1 Bf6 14. Be3 Be8
15. Kh1 a6 16. Bd3 g6 17. Bf1 Bg7 18. Ne5 Nd5 19. Nxd5 Qxd5 20. f4 Nxe5 21. dxe5
Bc6 22. Bb6 h5 23. Rc1 Bh6 24. Be3 Rfd8 25. Qxd5 Rxd5 26. Be2 Rd7 27. Kg1 Bd5
28. g3 Bf8 29. Rc3 Be7 30. Bc5 Rc8 31. Rec1 Rxc5 32. Rxc5 Bxc5+ 33. Rxc5 Rd8 34.
Kf2 Kf8 35. Ke1 Ke8 36. Bc4 Bxc4 37. Rxc4 Kd7 38. Rd4+ Kc7 39. Rxd8 Kxd8 40. Kd2
Kc7 41. Kc3 Kc6 42. Kb4 b6 43. a4 Kd5 44. a5 b5 45. Kc3 Ke4 46. Kb4 Kd4 47. b3
Kd5 48. Kc3 Ke4 49. Kb4 Kd5 50. h3 Kd4 51. g4 hxg4 52. hxg4 Kd5 53. Kc3 Ke4 54.
Kb4 Kd5 55. Kc3 {Game drawn by mutual agreement} 1/2-1/2

[Event "Team 45 45 League T59"]
[Site "Internet Chess Club"]
[Date "2013.12.13"]
[Round "4"]
[White "JohLeb"]
[Black "Visin"]
[Result "1/2-1/2"]
[WhiteElo "1373"]
[BlackElo "1359"]
[Opening "QGD Slav: 4.Nc3"]
[ECO "D15"]
[Time "13:00:12"]
[TimeControl "2700+45"]

1. d4 d5 2. c4 c6 3. Nc3 Nf6 4. Nf3 Bf5 5. Bg5 e6 6. e3 h6 7. Bh4 Be7 8. Bd3 Ne4
9. Bxe7 Qxe7 10. Bxe4 Bxe4 11. Nxe4 dxe4 12. Nd2 f5 13. O-O g6 14. c5 Nd7 15. f3
Nf6 16. fxe4 Nxe4 17. Nf3 O-O-O 18. Ne5 Rhg8 19. Qa4 Kb8 20. b4 Qc7 21. Qc2 Nf6
22. a4 Nd7 23. Nc4 b6 24. Nd6 Nf6 25. Qc4 Nd5 26. Qb3 Rgf8 27. b5 Ka8 28. bxc6
Qxc6 29. Rac1 Rb8 30. Qa3 bxc5 31. dxc5 Rb4 32. Rc4 Rxc4 33. Nxc4 Rb8 34. Ra1
Rb4 35. Ne5 Qxc5 36. Rc1 Qxe3+ 37. Qxe3 Nxe3 38. Nf7 a5 39. Nd6 Rb8 40. Kf2 Nd5
41. Rc5 Rd8 42. Rxa5+ Kb8 43. Rb5+ Kc7 44. Nf7 Ra8 45. a5 h5 46. Ne5 Ne7 47. Nc4
Kc6 48. Rb6+ Kd5 49. Ne3+ Ke5 50. a6 Nd5 51. Nxd5 Kxd5 52. Ke3 e5 53. Rxg6 f4+
54. Kd2 Kc5 55. Re6 Rd8+ 56. Ke2 Kd5 57. Rh6 Ra8 58. g3 Ke4 59. gxf4 Kxf4 60.
Rxh5 Rxa6 61. Rh8 Ra2+ 62. Kf1 e4 63. Rf8+ Ke3 64. Kg1 {Game drawn by mutual
agreement} 1/2-1/2

[Event "Team 45 45 League T59"]
[Site "Internet Chess Club"]
[Date "2013.12.12"]
[Round "4"]
[White "zap2"]
[Black "latayvia"]
[Result "1-0"]
[WhiteElo "1751"]
[BlackElo "1608"]
[Opening "Réti opening"]
[ECO "A05"]
[Time "14:21:08"]
[TimeControl "2700+45"]

1. Nf3 Nf6 2. g3 d5 3. Bg2 c6 4. d3 Bg4 5. h3 Bh5 6. Nbd2 Nbd7 7. O-O e5 8. e4
Bd6 9. Qe2 O-O 10. g4 Bg6 11. Nh4 Nc5 12. Nf5 Ne6 13. Nf3 dxe4 14. dxe4 Bxf5 15.
exf5 Nf4 16. Bxf4 exf4 17. Rad1 Qc7 18. Rd3 Rfe8 19. Qd1 Bc5 20. Nd4 Re7 21. Re1
Rae8 22. Rxe7 Rxe7 23. a3 Qe5 24. Nf3 Qxb2 25. Rd8+ Ne8 26. g5 Qxa3 27. f6 gxf6
28. gxf6 Re6 29. Nd4 Rxf6 30. Rxe8+ Kg7 31. Qg4+ Rg6 32. Nf5+ Kf6 33. Qh4+ Kxf5
34. Qh5+ Kf6 35. Qe5# {Black checkmated} 1-0

[Event "Team 45 45 League T59"]
[Site "Internet Chess Club"]
[Date "2013.12.17"]
[Round "4"]
[White "misuc56"]
[Black "ScotchYeti"]
[Result "1/2-1/2"]
[WhiteElo "1838"]
[BlackElo "1679"]
[Opening "Benoni defense"]
[ECO "A56"]
[Time "16:00:43"]
[TimeControl "2700+45"]

1. d4 Nf6 2. c4 c5 3. e3 g6 4. Nc3 Bg7 5. Nf3 O-O 6. h3 cxd4 7. exd4 d5 8. c5 b6
9. cxb6 Qxb6 10. Be2 Ne4 11. O-O Nxc3 12. bxc3 Nc6 13. Be3 Na5 14. Rb1 Qc7 15.
Qd2 Nc4 16. Bxc4 Qxc4 17. Rb4 Qc7 18. Rfb1 Ba6 19. Bf4 Qd7 20. Ne5 Bxe5 21. Bxe5
f6 22. Bf4 Qf5 23. Re1 Kf7 24. g4 Qd7 25. Qe3 Rfe8 26. Qf3 Rac8 27. Bd2 Bc4 28.
Rb2 Rb8 29. Reb1 Rxb2 30. Rxb2 Qe6 31. Qe3 Qxe3 32. fxe3 e5 33. Rb7+ Re7 34.
Rxe7+ Kxe7 35. a3 Ke6 36. Kf2 f5 37. Kg3 fxg4 38. hxg4 e4 39. Kf4 Kf6 40. g5+
Ke6 41. Be1 a6 42. Bd2 Bd3 43. Bc1 Bc4 44. Bb2 Bd3 45. Bc1 Bc4 46. Bd2 Bd3 47.
Kg4 Bc4 48. Be1 Bd3 49. Bg3 Bc4 50. Bc7 Bd3 51. a4 Bc4 52. a5 Bd3 53. Kg3 Kf5
54. Bf4 Bc4 55. Kf2 Ke6 56. Ke1 Bd3 57. Kd2 Bc4 58. Kc2 Kd7 59. Kb2 Kc6 60. Ka3
Bd3 61. Kb4 Bc4 62. Be5 Bd3 63. Kb3 Bc4+ 64. Kc2 Bd3+ 65. Kd2 Kd7 66. Kc1 Bc4
67. Kd1 Bd3 68. Bf4 Bc4 69. Kc1 Kc6 70. Kc2 Bd3+ 71. Kb3 Bc4+ 72. Kc2 Bd3+ 73.
Kd2 Kd7 74. Ke1 Ke6 75. Kd2 Kd7 76. Kc1 Kc6 77. Kd1 Kd7 78. Ke1 Ke6 {Game drawn
by repetition} 1/2-1/2

[Event "Team 45 45 League T59"]
[Site "Internet Chess Club"]
[Date "2013.12.15"]
[Round "4"]
[White "cepheid"]
[Black "WOLFSPELZ"]
[Result "0-1"]
[WhiteElo "1583"]
[BlackElo "1518"]
[Opening "French: Paulsen variation"]
[ECO "C10"]
[Time "11:30:23"]
[TimeControl "2700+45"]

1. e4 e6 2. d4 d5 3. Nc3 Nc6 4. e5 f6 5. Nf3 Qe7 6. Bf4 a6 7. Be2 fxe5 8. Nxe5
Bd7 9. O-O Nxe5 10. Bxe5 O-O-O 11. a3 Nf6 12. b4 Qe8 13. a4 Bxb4 14. Na2 Bd6 15.
Bxd6 cxd6 16. a5 Bb5 17. Bxb5 Qxb5 18. Nc3 Qc6 19. Na4 Kb8 20. Qd3 Rhf8 21. Rfc1
Rf7 22. c4 dxc4 23. Rxc4 Qb5 24. Nc3 Qf5 25. Qxf5 exf5 26. Re1 Rc8 27. Rxc8+
Kxc8 28. Na4 Kd8 29. Rc1 Rc7 30. Rxc7 Kxc7 31. Nc3 Kc6 32. Kf1 Nd5 33. Na4 Kb5
34. Nb6 Nxb6 35. axb6 Kxb6 36. Ke2 a5 37. Kd3 a4 38. Kc4 Ka5 39. h3 b5+ 40. Kc3
b4+ 41. Kb2 Kb5 42. g4 fxg4 43. hxg4 Kc4 44. f4 a3+ 45. Ka2 Kc3 46. f5 b3+ 47.
Ka1 Kc2 48. g5 b2+ 49. Ka2 b1=Q+ 50. Kxa3 Qb3# {White checkmated} 0-1

[Event "Team 45 45 League T59"]
[Site "Internet Chess Club"]
[Date "2013.12.16"]
[Round "4"]
[White "seattleblues"]
[Black "JeffH"]
[Result "1/2-1/2"]
[WhiteElo "1564"]
[BlackElo "1557"]
[Opening "Queen's pawn: London system"]
[ECO "A45"]
[Time "21:00:30"]
[TimeControl "2700+45"]

1. d4 Nf6 2. Bf4 d5 3. e3 c5 4. c3 Nc6 5. Nd2 e6 6. Bd3 Qb6 7. Qc2 c4 8. Be2 Be7
9. h3 O-O 10. Ngf3 Qd8 11. O-O Bd6 12. Ne5 Qc7 13. Ndf3 Ne4 14. Bh2 f6 15. Nxc6
Bxh2+ 16. Nxh2 Qxc6 17. Bf3 b5 18. a3 a5 19. Rfc1 Bb7 20. Nf1 Qd7 21. Nd2 Nd6
22. e4 dxe4 23. Nxe4 Bxe4 24. Bxe4 Nxe4 25. Qxe4 Qd5 26. Re1 {Game drawn by
mutual agreement} 1/2-1/2

[Event "Team 45 45 League T59"]
[Site "Internet Chess Club"]
[Date "2013.12.13"]
[Round "4"]
[White "jjaillet2007"]
[Black "akshayk06"]
[Result "0-1"]
[WhiteElo "1375"]
[BlackElo "1490"]
[Opening "QGD: 4.Bg5 Be7, 5.e3 O-O"]
[ECO "D53"]
[Time "12:00:17"]
[TimeControl "2700+45"]

1. d4 d5 2. c4 e6 3. Nc3 Nf6 4. Bg5 Be7 5. e3 O-O 6. cxd5 exd5 7. Bd3 Nbd7 8.
Nf3 c5 9. Rc1 c4 10. Bb1 a6 11. O-O b5 12. a3 Bb7 13. Ne5 Nxe5 14. dxe5 Ne4 15.
Bxe7 Qxe7 16. Nxe4 dxe4 17. Qd6 Qxd6 18. exd6 Rad8 19. Rcd1 Rfe8 20. Rd4 f5 21.
d7 Re7 22. Rfd1 Bc6 23. Rd6 Rexd7 24. Rxd7 Rxd7 25. Rd4 Rxd4 26. exd4 Kf7 27.
Kf1 Ke6 28. Ke2 f4 29. f3 exf3+ 30. gxf3 h6 31. Be4 Be8 32. h4 a5 33. Kd2 b4 34.
axb4 axb4 35. Bb7 Bh5 36. Ba6 Kd5 37. b3 cxb3 38. Kc1 Kxd4 39. Kb2 Bf7 40. Bb7
Bd5 41. Bxd5 Kxd5 42. Kxb3 Kd4 43. Kxb4 Ke3 44. Kc4 Kxf3 45. Kd4 g5 46. hxg5
hxg5 47. Kd3 g4 48. Kd2 Kf2 {White resigns} 0-1

[Event "Team 45 45 League T59"]
[Site "Internet Chess Club"]
[Date "2013.12.14"]
[Round "4"]
[White "Conjurer"]
[Black "stantheman59"]
[Result "0-1"]
[WhiteElo "1313"]
[BlackElo "1205"]
[Opening "English opening"]
[ECO "A13"]
[Time "13:04:24"]
[TimeControl "2700+45"]

1. c4 e6 2. Nc3 Nc6 3. g3 d5 4. Bg2 Nf6 5. Nf3 Bb4 6. O-O Bxc3 7. bxc3 dxc4 8.
Ba3 Nd5 9. e4 Nde7 10. Ng5 O-O 11. Qe2 h6 12. Nf3 b5 13. Rad1 Qd3 14. Nd4 Qxe2
15. Nxe2 e5 16. Rb1 Rb8 17. Bc5 a6 18. a4 Rd8 19. Rfd1 Bg4 20. f3 Bd7 21. axb5
Rxb5 22. Rxb5 axb5 23. Rb1 Rb8 24. f4 f6 25. f5 g6 26. g4 Kf7 27. Rd1 gxf5 28.
exf5 b4 29. Bxc6 Nxc6 30. cxb4 Nxb4 31. Nc3 Nd3 32. Be3 h5 33. h3 hxg4 34. hxg4
Rg8 35. Nd5 Rxg4+ 36. Kh2 c6 37. Nb6 Bxf5 38. Rf1 Be6 39. Ra1 f5 40. Ra7+ Kf6
41. Rc7 f4 42. Nd5+ {White resigns} 0-1

[Event "Team 45 45 League T59"]
[Site "Internet Chess Club"]
[Date "2013.12.15"]
[Round "4"]
[White "conrad9"]
[Black "clarinetref"]
[Result "0-1"]
[WhiteElo "1414"]
[BlackElo "1611"]
[Opening "King's pawn opening"]
[ECO "B07"]
[Time "22:03:42"]
[TimeControl "2700+45"]

1. e4 d6 2. d4 c6 3. Nc3 Qc7 4. f4 e5 5. Nf3 Bg4 6. Be2 Be7 7. O-O Nd7 8. Qd3
Ngf6 9. Be3 O-O-O 10. d5 Nc5 11. Qc4 cxd5 12. Nxd5 Nxd5 13. Qxd5 Be6 14. Qd2
Nxe4 15. Qd1 f6 16. Bd3 d5 17. fxe5 Bg4 18. exf6 Bxf6 19. Qb1 Rhe8 20. c3 Nxc3
21. Qe1 d4 22. Nxd4 Bxd4 23. bxc3 Bxe3+ 24. Kh1 Rxd3 {White resigns} 0-1

[Event "Team 45 45 League T59"]
[Site "Internet Chess Club"]
[Date "2013.12.16"]
[Round "4"]
[White "Zyme"]
[Black "PostMike"]
[Result "1-0"]
[WhiteElo "1414"]
[BlackElo "1392"]
[Opening "Nimzo-Indian defense"]
[ECO "E20"]
[Time "14:00:54"]
[TimeControl "2700+45"]

1. d4 Nf6 2. c4 e6 3. Nc3 Bb4 4. Bd2 O-O 5. a3 Bxc3 6. Bxc3 Ne4 7. Bb4 d6 8. Qc2
a5 9. Qxe4 axb4 10. a4 f5 11. Qd3 Qf6 12. Nf3 e5 13. dxe5 dxe5 14. Qb3 c5 15. e3
Nc6 16. Be2 f4 17. O-O e4 18. Nd2 Qg6 19. exf4 Nd4 20. Qd1 Nxe2+ 21. Qxe2 Rxf4
22. Qe3 Rg4 23. g3 b6 24. Rfe1 Bb7 25. h3 Rg5 26. Re2 Re8 27. Rae1 Qe6 {Black
resigns} 1-0

[Event "Team 45 45 League T59"]
[Site "Internet Chess Club"]
[Date "2013.12.15"]
[Round "4"]
[White "Aquaman"]
[Black "chuckh2"]
[Result "0-1"]
[WhiteElo "1352"]
[BlackElo "1420"]
[Opening "Réti opening"]
[ECO "A04"]
[Time "15:00:40"]
[TimeControl "2700+45"]

1. Nf3 g6 2. g3 Bg7 3. Bg2 e5 4. e4 d6 5. d3 Ne7 6. O-O O-O 7. Nbd2 c5 8. c3
Nbc6 9. Re1 Rb8 10. h4 Bg4 11. Qc2 b5 12. a3 h6 13. Nf1 Be6 14. Bd2 Kh7 15. Ne3
f5 16. exf5 gxf5 17. Bh3 Qd7 18. d4 d5 19. dxc5 Kh8 20. Ng2 Bf7 21. Rad1 Bh5 22.
Nxe5 Nxe5 23. Rc1 Qc7 24. b4 Nf3+ 25. Kf1 Nxe1 26. Rxe1 Rbe8 27. Bf4 Qc6 28. Bd6
Rf7 29. Nf4 Bg4 30. Bg2 Nc8 31. Ng6+ Kg8 32. Ne5 Bxe5 33. Bxe5 Rfe7 34. f4 a5
35. Qd2 Rd7 36. Re3 axb4 37. axb4 Qe6 38. Qa2 Bd1 39. Bd4 Qf7 40. Be5 Ne7 41.
Rd3 Ba4 42. Qd2 Red8 43. Bd6 Rxd6 44. cxd6 Rxd6 45. Qf2 Bb3 46. Kg1 Bc4 47. Rd4
Qe6 48. Bf3 Qf6 49. Qd2 Rd8 50. Qd1 Qe6 51. g4 Nc6 52. Rd2 Qe3+ 53. Kg2 fxg4 54.
Bxg4 Qxc3 55. Be6+ Kf8 56. f5 Qg7+ 57. Kh1 d4 58. Rg2 Qf6 59. Rg8+ Ke7 60. Rg6
Qxh4+ 61. Kg1 Bxe6 62. Rxe6+ Kd7 63. Qd3 Qg5+ 64. Kf2 Qf4+ 65. Ke1 Rg8 66. Kd1
Rg1+ 67. Ke2 Qf1+ 68. Kd2 Qd1# {White checkmated} 0-1

[Event "Team 45 45 League T59"]
[Site "Internet Chess Club"]
[Date "2013.12.16"]
[Round "4"]
[White "losscause"]
[Black "rookmaster23"]
[Result "1-0"]
[WhiteElo "1629"]
[BlackElo "1616"]
[Opening "King's Indian: Kramer system"]
[ECO "E70"]
[Time "20:00:31"]
[TimeControl "2700+45"]

1. d4 Nf6 2. c4 g6 3. Nc3 Bg7 4. e4 d6 5. Nge2 O-O 6. Ng3 e5 7. d5 Nbd7 8. Be2
a5 9. h4 h5 10. Bg5 Qe8 11. Nb5 Rb8 12. Nxc7 Qd8 13. Nb5 Qb6 14. b3 Nc5 15. Qc2
Nh7 16. Be7 Re8 17. Bxd6 Ra8 18. Nc7 Qxd6 19. Nxe8 Qe7 20. Nxg7 Kxg7 21. Qd2 Nf6
22. Qe3 Ng4 23. Bxg4 Bxg4 24. f3 Bd7 25. Rd1 f5 26. d6 Qf6 27. Qxc5 {Black
resigns} 1-0

[Event "Team 45 45 League T59"]
[Site "Internet Chess Club"]
[Date "2013.12.15"]
[Round "4"]
[White "sdcohle"]
[Black "TwinsburgOHUSA"]
[Result "1/2-1/2"]
[WhiteElo "1449"]
[BlackElo "1467"]
[Opening "Nimzo-Indian: three knights variation"]
[ECO "E21"]
[Time "14:31:05"]
[TimeControl "2700+45"]

1. d4 Nf6 2. c4 e6 3. Nc3 Bb4 4. Nf3 Bxc3+ 5. bxc3 b6 6. e3 Bb7 7. Be2 O-O 8.
O-O Re8 9. Re1 Ne4 10. Bb2 Nc6 11. Nd2 Nf6 12. Bf3 d5 13. cxd5 Nxd5 14. c4 Nf6
15. Nb3 Rb8 16. d5 exd5 17. cxd5 Ne5 18. Bxe5 Rxe5 19. e4 Qe7 20. Rc1 Re8 21.
Rc4 Bxd5 22. Rd4 Bxe4 23. Bxe4 Nxe4 24. Qd3 Nd6 25. Rxe5 Qxe5 26. g3 f6 27. Nd2
Qf5 28. Qb3+ Qe6 29. Qc2 c5 30. Rd3 Qh3 31. Nf3 Nb5 32. Qc4+ Qe6 33. Qxb5 Rc8
34. Re3 Qc6 35. Qc4+ Kf8 36. Nd2 Rd8 37. Rd3 Re8 38. Re3 Rd8 39. Rd3 Re8 {Game
drawn by mutual agreement} 1/2-1/2